 Dungeon Crawl Stone Soup version 0.22-b1-26-g9dbaab1 (webtiles) character file.

162 Doobh the Sneak (level 5, 0/32 HPs)
             Began as a Kobold Assassin on Aug 7, 2018.
             Slain by a wight
             ... wielding a +0 short sword
              (7 damage)
             ... on level 3 of the Dungeon.
             The game lasted 00:10:42 (3190 turns).

Doobh the Sneak (Kobold Assassin)                   Turns: 3190, Time: 00:10:43

Health: 0/32       AC:  4    Str:  8    XL:     5   Next: 71%
Magic:  5/5        EV: 14    Int: 13    God:
Gold:   103        SH:  0    Dex: 17    Spells: 4/4 levels left

rFire    . . .     SeeInvis .   o - +2 dagger (speed)
rCold    . . .     Gourm    .   (shield restricted)
rNeg     . . .     Faith    .   c - +0 robe
rPois    .         Spirit   .   (no helmet)
rElec    .         Reflect  .   h - +1 cloak
rCorr    .         Harm     .   (no gloves)
MR       .....                  (no boots)
Stlth    +++.......             (no amulet)
HPRegen  0.10/turn              (no ring)
MPRegen  0.09/turn              (no ring)

@: heavily drained
A: small, carnivore
a: no special abilities


You were on level 3 of the Dungeon.
You were very full.

You visited 1 branch of the dungeon, and saw 3 of its levels.

You collected 103 gold pieces.

Inventory:

Hand Weapons
 a - a +2 dagger
 b - a +0 blowgun
 o - a +2 dagger of speed (weapon)
Missiles
 e - 7 poisoned needles
 f - 7 curare-tipped needles
Armour
 c - a +0 robe (worn)
 h - a +1 cloak (worn)
Scrolls
 k - a scroll of blinking {unknown}
 n - a scroll of teleportation
Potions
 i - a potion of magic
 j - a potion of curing
 l - a potion of might {unknown}
 m - a potion of flight {unknown}
Comestibles
 g - 3 rations
 p - 2 chunks of flesh


   Skills:
 + Level 3.1(1.6) Fighting
 + Level 4.0(2.5) Short Blades
 + Level 3.1(1.6) Throwing
 + Level 2.6(1.2) Dodging
 + Level 6.6(5.0) Stealth


You had 4 spell levels left.
You didn't know any spells.
Your spell library was empty.

Dungeon Overview and Level Annotations

Branches:
Dungeon (3/15)

Altars:
Elyvilon
Hepliaklqana
Vehumet


Innate Abilities, Weirdness & Mutations

You are small and have problems with some larger weapons.
You are carnivorous and can eat meat at any time.


Message History

You feel drained.
You hit the wight but do no damage.
The wight is severely damaged.
You hit the wight but do no damage.
The wight is severely damaged.
The wight barely misses you.
You hit the wight.
The wight is severely damaged.
The wight hits you but does no damage.
You hit the wight but do no damage.
The wight is severely damaged.
You closely miss the wight.
The wight is severely damaged.
The wight misses you.
You hit the wight but do no damage.
The wight is severely damaged.
You hit the wight but do no damage.
The wight is severely damaged.
The wight hits you with a short sword!
You die...

...#.##.#.###........z
#...... #.....z......
#.##..## ##.#########.
#. ##.##.#.###>##
#.###........#.##
#...........#..#
#.......).####.#
#.###..#..####z####
####.# #..<.....@....#
#....###.............#
#..........###.##.##.#
#....###...# #....##.#
#..)#.####.# #.......#
#...##..##.....####..#
#...#.#.####[#.###...##
####.##.# #.#.##.....#
#.##.# #.#.###...##


You could see a wight.

Vanquished Creatures
  Jessica (D:2)
  3 gnolls (D:2)
  4 adders
  2 oozes
  A worm (D:2)
  3 dart slugs
  A leopard gecko (D:1)
  2 orcs
  5 bats
  3 giant cockroaches
  7 goblins
  5 hobgoblins
  7 kobolds
  A quokka (D:2)
  3 frilled lizards (D:2)
  6 rats
54 creatures vanquished.

Notes
Turn   | Place    | Note
-------+----------+-------------------------------------------
     0 | D:1      | Doobh the Kobold Assassin began the quest for the Orb.
     0 | D:1      | Reached XP level 1. HP: 12/12 MP: 1/1
   113 | D:1      | Reached XP level 2. HP: 16/17 MP: 2/2
   331 | D:1      | Reached skill level 6 in Stealth
   748 | D:1      | Reached XP level 3. HP: 22/22 MP: 3/3
  1032 | D:2      | Noticed Jessica
  1042 | D:2      | Killed Jessica
  1042 | D:2      | Reached XP level 4. HP: 21/27 MP: 4/4
  1144 | D:2      | Found a white marble altar of Elyvilon.
  1409 | D:2      | Found a faded altar of an unknown god.
  1623 | D:2      | Reached XP level 5. HP: 29/32 MP: 5/5
  2154 | D:2      | Found a hazy altar of Hepliaklqana.
  3095 | D:3      | Found a radiant altar of Vehumet.
  3190 | D:3      | Slain by a wight

Skill      XL: |  1  2  3  4  5 |
---------------+----------------+-----
Short Blades   | 3 4 |  4.0
Stealth        | 6 |  6.6
Dodging        | 2 |  2.6
Fighting       | 3 |  3.1
Throwing       | 3 |  3.1

Action                   |  1- 3 |  4- 6 || total
-------------------------+-------+-------++-------
Melee: Dagger            |    65 |   175 ||   240
 Fire: Blowgun           |     2 |     6 ||     8
  Use: Scroll            |     1 |     4 ||     5
       Potion            |       |     3 ||     3
 Stab: Sleeping          |     6 |     9 ||    15
  Eat: Chunk             |     8 |     7 ||    15
Armor: Robe              |     8 |    23 ||    31
Dodge: Dodged            |    42 |    95 ||   137
